 Dungeon Sprint DCSS version 0.23.2 (webtiles) character file.

Game seed: 14784216683959258050

52017 Groucho the Impregnable (level 14, -3/135 HPs)
             Began as a Minotaur Fighter on Apr 10, 2019.
             Was a High Priest of Cheibriados.
             Killed from afar by a frost giant (20 damage)
             ... with a bolt of cold
             ... in the Dungeon (Sprint IX: "|||||||||||||||||||||||||||||").
             The game lasted 00:14:04 (4512 turns).

Groucho the Impregnable (Minotaur Fighter)          Turns: 4512, Time: 00:14:04

Health: -3/135     AC: 31    Str: 35    XL:     14   Next: 25%
Magic:  23/23      EV: 22    Int: 19    God:    Cheibriados [*****.]
Gold:   1307       SH: 17    Dex: 32    Spells: 13/13 levels left

rFire    . . .     SeeInvis .   o - +1 broad axe (freeze)
rCold    . . .     Gourm    .   c - +0 shield
rNeg     . . .     Faith    .   F - +2 plate armour
rPois    .         Spirit   .   (helmet restricted)
rElec    .         Reflect  .   q - +0 cloak
rCorr    .         Harm     .   G - +1 pair of gloves
MR       +....     NoTele   +   y - +0 pair of boots
Stlth    ..........             (no amulet)
HPRegen  0.32/turn              a - +2 ring of evasion
MPRegen  0.18/turn              b - +3 ring of dexterity

@: very slow
A: retaliatory headbutt, horns 2
a: Bend Time, Temporal Distortion, Slouch, Step From Time, Renounce Religion


You were in the Dungeon.
You worshipped Cheibriados.
Cheibriados was extremely pleased with you.
You were not hungry.

You visited 1 branch You collected 1909 gold pieces.
You spent 602 gold pieces at shops.

Inventory:

Hand Weapons
 o - a +1 broad axe of freezing (weapon)
 p - a +2 scimitar of flaming
Armour
 c - a +0 shield (worn)
 q - a +0 cloak (worn)
 y - a +0 pair of boots (worn)
 F - a +2 plate armour (worn)
 G - a +1 pair of gloves (worn)
Jewellery
 a - a +2 ring of evasion (left hand)
 b - a +3 ring of dexterity (right hand)
 j - an uncursed ring of ice
 B - an uncursed ring of protection from cold
 E - an uncursed ring of protection from magic
Wands
 n - a wand of iceblast (10)
Scrolls
 k - 2 scrolls of blinking
 l - 7 scrolls of remove curse
 m - 2 scrolls of amnesia
 v - 2 scrolls of fear
 w - 6 scrolls of enchant armour
 x - a scroll of fog
 z - a scroll of enchant weapon
 C - 3 scrolls of identify
 D - a scroll of magic mapping
Potions
 d - 3 potions of might
 e - 8 potions of curing
 g - a potion of heal wounds
 h - a potion of invisibility
 i - 2 potions of magic
 t - a potion of brilliance
 u - a potion of agility
 A - 5 potions of mutation
Comestibles
 f - 9 rations


   Skills:
 - Level 15.0 Fighting
 - Level 18.0 Axes
 + Level 26.6 Armour
 - Level 10.0 Dodging
 - Level 15.0 Shields
 - Level 14.2 Unarmed Combat
 - Level 14.1 Invocations


You had 13 spell levels left.
You didn't know any spells.
Your spell library was empty.

Dungeon Overview and Level Annotations

Branches:
Dungeon (1/1)

Altars:
Cheibriados
Dithmenos
Elyvilon
Fedhas
Gozag
Hepliaklqana
Kikubaaqudgha
Makhleb
Nemelex Xobeh
Okawaru
Qazlal
Ru
Sif Muna
Trog
Uskayaw
Vehumet
Wu Jian
Xom
Yredelemnul
Zin
The Shining One
Beogh
Jiyva
Lugonu

Shops:
D ?*!*


Innate Abilities, Weirdness & Mutations

You reflexively headbutt those who attack you in melee.
You have a pair of horns on your head.


Message History

You see here a large rock.
There is an open door to the Dungeon here.
You see here 3 large rocks.
Items here: ))) [ a +0 dire flail x2; a +0 battleaxe; a +0 scale mail
Things that are here:
+0 storm dragon scales; a +0 dagger; a +0 robe Unknown command.
Items here: ( ))) a +0 shortbow; 11 arrows; a +0 dire flail x2
A frost giant comes into view.
It is wielding a +1 battleaxe of freezing.
The frost giant shouts!
The frost giant points at you and mumbles some strange words.
The bolt of cold hits you!!! The frost giant casts a spell at you.
The bolt of cold hits you!!
* * * LOW HITPOINT WARNING * * *
The frost giant points at you and mumbles some strange words.
The bolt of cold hits you!!
You die...

▓.▓.▓.▓.▓)▓.▓.▓.▓.
▓)▓.▓.▓)▓.▓.▓.▓.▓.
▓.▓.▓.▓.▓.▓.▓.▓.▓.
▓.▓.♣[♣.▓.▓.▓.▓.▓.
▓.▓)♣†♣.▓[▓.▓.▓.▓.
▓.▓.♣†♣.▓[▓.▓)▓.▓.
▓.▓(♣.♣.▓[▓.▓(▓.▓.
▓.▓(♣.♣.▓[▓.▓)▓.▓.
▓@▓(♣.♣.▓[▓.▓)▓.▓.
▓.▓(♣.♣.▓[▓.▓)▓.▓†
▓C▓(♣.♣.▓.▓)▓)▓.▓.
▓.▓[♣.♣.▓.▓.▓.▓.▓†
▓.▓.♣.♣.▓.▓.▓.▓.▓†
▓.▓.▓(▓.▓.▓.▓.▓.▓†
▓+▓.▓.▓.▓.▓.▓.▓.▓†
▓.▓(▓.▓.▓.▓(▓.▓.
▓.▓.▓.▓.▓.▓.▓.▓.


You could see a frost giant.

Vanquished Creatures
  A golden dragon (D)
  A storm dragon (D)
  Frances (D)
  A tengu reaver (D)
  A fire giant (D)
  A frost giant (D)
  4 stone giants (D)
  A very ugly thing (D)
  Azrael (D)
  A spark wasp (D)
  2 ettins (D)
  A fire dragon (D)
  Josephine (D)
  A rakshasa (D)
  A hydra (D)
  A catoblepas (D)
  Erica (D)
  A merfolk avatar (D)
  4 centaur warriors (D)
  An alligator snapping turtle (D)
  A deep troll shaman (D)
  A vampire mage (D)
  An alligator (D)
  A spriggan berserker (D)
  4 orc high priests (D)
  A skeletal warrior (D)
  A salamander mystic (D)
  A swamp dragon (D)
  A necromancer (D)
  An ugly thing (D)
  7 orc knights (D)
  3 orc sorcerers (D)
  A wolf spider (D)
  2 manticores (D)
  A merfolk siren (D)
  3 black mambas (D)
  2 cyclopes (D)
  A guardian serpent (D)
  A naga mage (D)
  3 spiny frogs (D)
  3 yaktaurs (D)
  2 demonic crawlers (D)
  A tengu conjurer (D)
  A troll (D)
  3 jumping spiders (D)
  A merfolk (D)
  2 tyrant leeches (D)
  A bog body (D)
  A blink frog (D)
  4 hippogriffs (D)
  A hippogriff (shapeshifter) (D)
  A snapping turtle (D)
  2 tarantellas (D)
  A water elemental (D)
  A redback (D)
  A fire elemental (D)
  5 wraiths (D)
  A vampire mosquito (D)
  A basilisk (D)
  An insubstantial wisp (D)
  3 wargs (D)
  3 nagas (D)
  2 porcupines (D)
  6 water moccasins (D)
  5 hell hounds (D)
  9 orc warriors (D)
  6 wolves (D)
  A centaur (D)
  2 crocodiles (D)
  3 bullfrogs (D)
  A crimson imp (D)
  2 hounds (D)
  A jelly (D)
  5 orc priests (D)
  4 orc wizards (D)
  10 orcs (D)
  A bat (D)
  A bat skeleton (D)
  3 hobgoblins (D)
  A frilled lizard (D)
  A rat (D)
168 creatures vanquished.

Vanquished Creatures (others)
  A spatial maelstrom (D)
  An eye of draining (D)
2 creatures vanquished.

Grand Total: 170 creatures vanquished

Notes
Turn   | Place    | Note
-------+----------+-------------------------------------------
     0 | D        | Groucho the Minotaur Fighter began the quest for the Orb.
     0 | D        | Reached XP level 1. HP: 19/19 MP: 0/0
     0 | D        | Banished a spatial maelstrom
    11 | D        | Reached skill level 4 in Armour
    24 | D        | Noticed an orc priest
    24 | D        | Noticed a hound
    24 | D        | Noticed an orc wizard
    24 | D        | Noticed a centaur
    28 | D        | Killed an orc priest
    28 | D        | Reached skill level 5 in Fighting
    28 | D        | Reached skill level 5 in Armour
    28 | D        | Reached skill level 5 in Shields
    28 | D        | Reached XP level 2. HP: 26/29 MP: 1/1
    28 | D        | Reached XP level 3. HP: 32/36 MP: 2/2
    39 | D        | Reached skill level 5 in Axes
    44 | D        | Reached skill level 6 in Armour
    44 | D        | Reached XP level 4. HP: 35/44 MP: 3/3
    48 | D        | Killed a centaur
    48 | D        | Reached skill level 7 in Armour
    48 | D        | Reached XP level 5. HP: 29/52 MP: 4/4
   292 | D        | Found a roughly hewn altar of Beogh.
   292 | D        | Found a snail-covered altar of Cheibriados.
   292 | D        | Found a shadowy altar of Dithmenos.
   292 | D        | Found a white marble altar of Elyvilon.
   292 | D        | Found a blossoming altar of Fedhas.
   292 | D        | Found an opulent altar of Gozag.
   293 | D        | Found a hazy altar of Hepliaklqana.
   294 | D        | Found a viscous altar of Jiyva.
   295 | D        | Found an ancient bone altar of Kikubaaqudgha.
   296 | D        | Became a worshipper of Cheibriados the Contemplative
   297 | D        | Found a corrupted altar of Lugonu.
   298 | D        | Found a burning altar of Makhleb.
   299 | D        | Found a sparkling altar of Nemelex Xobeh.
   300 | D        | Found an iron altar of Okawaru.
   301 | D        | Found a stormy altar of Qazlal.
   302 | D        | Found a sacrificial altar of Ru.
   303 | D        | Found a deep blue altar of Sif Muna.
   304 | D        | Found a bloodstained altar of Trog.
   305 | D        | Found a hide-covered altar of Uskayaw.
   306 | D        | Found a radiant altar of Vehumet.
   307 | D        | Found an ornate altar of the Wu Jian Council.
   308 | D        | Found a shimmering altar of Xom.
   309 | D        | Found a basalt altar of Yredelemnul.
   310 | D        | Found a glowing silver altar of Zin.
   311 | D        | Found a glowing golden altar of the Shining One.
   364 | D        | Noticed a water moccasin
   364 | D        | Noticed a troll
   368 | D        | Killed a water moccasin
   368 | D        | Reached * piety under Cheibriados
   368 | D        | Reached skill level 8 in Armour
   368 | D        | Reached XP level 6. HP: 61/61 MP: 4/6
   374 | D        | Killed a troll
   374 | D        | Reached ** piety under Cheibriados
   374 | D        | Reached skill level 9 in Armour
   375 | D        | Reached XP level 7. HP: 58/70 MP: 4/9
   377 | D        | Reached *** piety under Cheibriados
   391 | D        | Noticed a vampire mosquito
   391 | D        | Noticed a centaur warrior
   391 | D        | Noticed a cyclops
   391 | D        | Noticed a skeletal warrior
   391 | D        | Noticed a centaur warrior
   398 | D        | Killed a vampire mosquito
   398 | D        | Reached **** piety under Cheibriados
   398 | D        | Reached skill level 5 in Invocations
   401 | D        | Killed a centaur warrior
   401 | D        | Reached skill level 10 in Fighting
   401 | D        | Reached skill level 10 in Axes
   401 | D        | Reached skill level 10 in Armour
   401 | D        | Reached skill level 10 in Shields
   401 | D        | Reached XP level 8. HP: 70/81 MP: 8/12
   407 | D        | Killed a cyclops
   407 | D        | Reached skill level 11 in Armour
   416 | D        | Killed a skeletal warrior
   416 | D        | Reached XP level 9. HP: 32/90 MP: 3/14
   419 | D        | Killed a centaur warrior
   419 | D        | Reached skill level 12 in Armour
   924 | D        | Noticed a spiny frog
   925 | D        | Reached ***** piety under Cheibriados
   928 | D        | Killed a spiny frog
   933 | D        | Reached skill level 13 in Armour
   934 | D        | Reached XP level 10. HP: 101/101 MP: 5/16
  1371 | D        | Noticed a spiny frog
  1374 | D        | Reached ****** piety under Cheibriados
  1375 | D        | Reached skill level 1 in Dodging
  1376 | D        | Killed a spiny frog
  1386 | D        | Reached skill level 10 in Invocations
  1503 | D        | Noticed Erica
  1508 | D        | Killed Erica
  1508 | D        | Reached skill level 14 in Armour
  1535 | D        | Noticed an orc knight
  1536 | D        | Noticed an orc knight
  1537 | D        | Reached skill level 5 in Dodging
  1540 | D        | Killed an orc knight
  1545 | D        | Killed an orc knight
  1551 | D        | Reached XP level 11. HP: 61/110 MP: 3/18
  1914 | D        | Noticed an orc high priest
  1914 | D        | Noticed an orc knight
  1914 | D        | Noticed an orc sorcerer
  1914 | D        | Noticed an orc high priest
  1916 | D        | Killed an orc sorcerer
  1917 | D        | Killed an orc high priest
  1918 | D        | Killed an orc high priest
  1919 | D        | Noticed an orc knight
  1920 | D        | Killed an orc knight
  1928 | D        | Killed an orc knight
  1928 | D        | Reached skill level 15 in Armour
  1937 | D        | Reached skill level 15 in Fighting
  1939 | D        | Reached skill level 15 in Shields
  1993 | D        | Found Foepioro's Magic Scroll Emporium.
  1993 | D        | Noticed an orc knight
  1993 | D        | Noticed an orc sorcerer
  1993 | D        | Noticed an orc knight
  1994 | D        | Noticed an orc sorcerer
  1995 | D        | Noticed a soul eater
  1999 | D        | Killed an orc knight
  2000 | D        | Killed an orc sorcerer
  2000 | D        | Reached skill level 15 in Axes
  2000 | D        | Killed an orc sorcerer
  2001 | D        | Found Ifagav's General Store.
  2002 | D        | Noticed an orc high priest
  2003 | D        | Found Serurchoata's Distillery.
  2006 | D        | Killed an orc knight
  2007 | D        | Noticed an orc knight
  2010 | D        | Killed an orc high priest
  2012 | D        | Noticed an orc high priest
  2014 | D        | Found Boellakecs's General Store.
  2022 | D        | Killed an orc knight
  2025 | D        | Killed an orc high priest
  2075 | D        | Bought a scroll of enchant weapon for 90 gold pieces
  2077 | D        | Bought a potion of mutation for 104 gold pieces
  2077 | D        | Bought a potion of might for 52 gold pieces
  2077 | D        | Bought a potion of curing for 39 gold pieces
  2081 | D        | Bought a scroll of vulnerability for 82 gold pieces
  2081 | D        | Bought a scroll of identify for 22 gold pieces
  2081 | D        | Bought a scroll of blinking for 82 gold pieces
  2081 | D        | Bought a scroll of identify for 22 gold pieces
  2081 | D        | Bought a scroll of magic mapping for 38 gold pieces
  2081 | D        | Bought a scroll of identify for 22 gold pieces
  2081 | D        | Bought a scroll of random uselessness for 11 gold pieces
  2081 | D        | Bought a scroll of immolation for 38 gold pieces
  2139 | D        | Noticed Josephine
  2140 | D        | Reached skill level 16 in Armour
  2146 | D        | Killed Josephine
  2153 | D        | Reached skill level 10 in Dodging
  2153 | D        | Reached XP level 12. HP: 111/119 MP: 20/20
  2270 | D        | Noticed a catoblepas
  2280 | D        | Reached skill level 1 in Unarmed Combat
  2288 | D        | Killed a catoblepas
  2289 | D        | Noticed a centaur warrior
  2289 | D        | Noticed a deep troll shaman
  2297 | D        | Noticed a stone giant
  2299 | D        | Noticed a vampire mage
  2303 | D        | Killed a centaur warrior
  2308 | D        | Killed a deep troll shaman
  2309 | D        | Noticed a frost giant
  2315 | D        | Killed a stone giant
  2315 | D        | Reached skill level 17 in Armour
  2315 | D        | Reached skill level 5 in Unarmed Combat
  2326 | D        | Killed a vampire mage
  2328 | D        | Killed a frost giant
  2729 | D        | Noticed a rakshasa
  2734 | D        | Killed a rakshasa
  2791 | D        | Noticed Frances
  2807 | D        | Killed Frances
  2807 | D        | Reached skill level 18 in Armour
  2888 | D        | Noticed a five-headed hydra
  2892 | D        | Reached skill level 10 in Unarmed Combat
  2895 | D        | Noticed an alligator
  2899 | D        | Reached skill level 19 in Armour
  2899 | D        | Reached XP level 13. HP: 124/126 MP: 11/22
  3002 | D        | Reached skill level 20 in Armour
  3263 | D        | Noticed Azrael
  3275 | D        | Killed Azrael
  3275 | D        | Reached skill level 21 in Armour
  3679 | D        | Noticed a tengu reaver
  3679 | D        | Noticed an ettin
  3679 | D        | Noticed a spark wasp
  3679 | D        | Noticed an ettin
  3679 | D        | Noticed a stone giant
  3680 | D        | Noticed a storm dragon
  3682 | D        | Killed a spark wasp
  3683 | D        | Killed an ettin
  3683 | D        | Reached skill level 22 in Armour
  3685 | D        | Killed a tengu reaver
  3686 | D        | Killed an ettin
  3687 | D        | Noticed a stone giant
  3690 | D        | Noticed a golden dragon
  3699 | D        | Killed a stone giant
  3699 | D        | Reached skill level 23 in Armour
  3701 | D        | Killed a storm dragon
  3732 | D        | Killed a stone giant
  3732 | D        | Reached skill level 24 in Armour
  3771 | D        | Killed a golden dragon
  3771 | D        | Reached skill level 25 in Armour
  3771 | D        | Reached XP level 14. HP: 36/135 MP: 4/23
  3775 | D        | Noticed a white very ugly thing
  3787 | D        | Killed a white very ugly thing
  4123 | D        | Reached skill level 26 in Armour
  4140 | D        | Noticed a fire giant
  4147 | D        | Killed a fire giant
  4486 | D        | Noticed a stone giant
  4497 | D        | Killed a stone giant
  4510 | D        | Noticed a frost giant
  4512 | D        | Killed from afar by a frost giant

Skill      XL: |  1  2  3  4  5  6  7  8  9 10 11 12 13 14 |
---------------+-------------------------------------------+-----
Fighting       | 5 6 7 8 9 10 11 13 14 15 | 15.0
Axes           | 4 5 6 7 8 10 11 12 14 16 18 | 18.0
Armour         | 5 6 7 8 9 10 11 13 14 16 19 25 26 | 26.6
Shields        | 5 6 7 8 9 10 11 13 14 15 | 15.0
Invocations    | 2 4 6 8 9 10 12 14 | 14.1
Dodging        | 5 10 | 10.0
Unarmed Combat | 10 14 | 14.2

Action                   |  1- 3 |  4- 6 |  7- 9 | 10-12 | 13-15 || total
-------------------------+-------+-------+-------+-------+-------++-------
Melee: War axe           |    33 |    10 |       |       |       ||    43
       Headbutt          |     5 |     3 |    11 |    64 |    59 ||   142
       Broad axe         |       |    11 |    32 |   177 |   135 ||   355
Invok: Slouch            |       |       |     3 |    19 |    16 ||    38
       Bend Time         |       |       |     1 |       |       ||     1
  Use: Potion            |     1 |       |     1 |     2 |     6 ||    10
       Scroll            |       |       |       |       |     2 ||     2
 Stab: Petrified         |       |       |       |     3 |       ||     3
       Distracted        |       |       |       |       |     1 ||     1
  Eat: Ration            |       |       |       |     2 |     1 ||     3
Armor: Scale mail        |    13 |     5 |    11 |    13 |       ||    42
       Plate armour      |       |       |       |    25 |    24 ||    49
Dodge: Dodged            |     5 |     8 |     8 |    68 |    59 ||   148
Block: Shield            |    14 |    12 |    17 |   104 |    95 ||   242
